 Dungeon Crawl Stone Soup version 0.31-a0-95-g6fa058ef04 (webtiles) character file.

Game seed: 194026999297369880

1159 voltaire321 the Sneak (level 8, -4/45 HPs)
             Began as a Kobold Enchanter on May 25, 2023.
             Slain by a yak (10 damage)
             ... on level 5 of the Dungeon.
             The game lasted 00:10:45 (4006 turns).

voltaire321 the Sneak (Kobold Enchanter)            Turns: 4006, Time: 00:10:46

Health: -4/45      AC:  7    Str:  6    XL:     8   Next: 66%
Magic:  13/13      EV: 13    Int: 16    God:
Gold:   305        SH:  0    Dex: 17    Spells: 9/14 levels left

rFire   . . .        s - +1 dagger (venom)
rCold   . . .        (no shield)
rNeg    . . .        p - +2 ring mail of Insatiable Hunger {rPois}
rPois   +            (no helmet)
rElec   .            (no cloak)
rCorr   .            (no gloves)
SInv    .            (no boots)
Will    .....        (no amulet)
Stlth   ++           (no ring)
HPRegen 0.27/turn    (no ring)
MPRegen 0.13/turn

%: no passive effects
@: confused, ambrosia-drunk
A: small, no large weapons, nightstalker 3
a: no special abilities


You were on level 5 of the Dungeon.
You visited 1 branch of the dungeon, and saw 5 of its levels.

You collected 329 gold pieces.
You spent 24 gold pieces at shops.

Inventory:

Hand Weapons
 a - a +1 dagger
 s - a +1 dagger of venom (weapon)
Missiles
 c - 5 poisoned darts
 l - a throwing net
 u - 3 silver boomerangs
Armour
 p - the +2 ring mail of Insatiable Hunger (worn) {rPois}
   (You found it on level 2 of the Dungeon)

   rPois:     It protects you from poison.
Scrolls
 d - 2 scrolls of amnesia {unknown}
 e - a scroll of magic mapping {unknown}
 g - a scroll of enchant weapon {unknown}
 h - 2 scrolls of teleportation {unknown}
 m - a scroll of silence {unknown}
 t - a scroll of immolation {unknown}
 v - 3 scrolls of blinking {unknown}
 w - a scroll of fog {unknown}
Potions
 i - 2 potions of curing {unknown}
 j - a potion of might
 k - a potion of enlightenment {unknown}
 o - a potion of magic
 q - a potion of heal wounds {unknown}
 r - a potion of cancellation {unknown}
 x - a potion of degeneration {unknown}


   Skills:
 + Level 2.9 Fighting
 + Level 4.1 Short Blades
 * Level 3.2 Armour
 + Level 4.3 Dodging
 * Level 7.5 Stealth
 + Level 3.6 Spellcasting
 + Level 4.2 Hexes
 + Level 2.7 Ice Magic


You had 9 spell levels left.
You knew the following spells:

 Your Spells              Type           Power      Damage    Failure   Level
a - Ensorcelled Hibernat  Hex/Ice        24%        N/A       28%         2
b - Confusing Touch       Hex            16%        N/A       32%         3

Your spell library contained the following spells:

 Spells                   Type           Power      Damage    Failure   Level
 Tukima's Dance           Hex            16%        N/A       32%         3
 Sandblast                Erth           4%         2d4       54%         1
 Dazzling Flash           Conj/Hex       16%        N/A       67%         3
 Passwall                 Tmut/Erth      0%         N/A       75%         2
 Poisonous Vapours        Pois/Air       2%         N/A       75%         2
 Stone Arrow              Conj/Erth      2%         3d7       93%         3
 Mephitic Cloud           Conj/Pois/Air  0%         N/A       94%         3
 Freezing Cloud           Conj/Ice/Air   1%         6-21      100%        5


Dungeon Overview and Level Annotations

Branches:
Dungeon (5/15)
 Temple: D:4-7

Altars:
Kikubaaqudgha
Makhleb
Qazlal
Uskayaw
Vehumet
Xom

Shops:
D:1 ?

Annotations:
D:5 Menkaure


Innate Abilities, Weirdness & Mutations

You are small and have problems with some larger weapons.
You are completely attuned to the shadows.


Message History

The yak is moderately wounded.
The yak gores you! The yak gores you.
You hit the yak but do no damage.
The yak looks as sick as possible!
The yak is almost dead.
The yak barely misses you. The yak misses you.
You hit the yak but do no damage.
The yak looks as sick as possible!
The yak is almost dead.
You barely miss the yak.
The yak is almost dead.
The yak misses you. The yak gores you but does no damage.
You hit the yak but do no damage.
The yak is almost dead.
The yak barely misses you. The yak gores you.
You hit the yak but do no damage.
The yak looks as sick as possible!
The yak is almost dead.
You kill the yak!
The yak barely misses you.
Your Short Blades skill increases to level 4!
You hit the yak but do no damage.
The yak looks even sicker.
The yak is moderately wounded.
The yak closely misses you.
You hit the yak but do no damage.
The yak looks as sick as possible!
The yak is moderately wounded.
You hit the yak.
The yak is severely wounded.
The yak gores you.
You barely miss the yak.
The yak is severely wounded.
The yak closely misses you.
You hit the yak but do no damage.
The yak looks as sick as possible!
The yak is severely wounded.
The yak gores you!
* * * LOW HITPOINT WARNING * * *
You hit the yak but do no damage.
The yak looks as sick as possible!
The yak is severely wounded.
The yak gores you.
* * * LOW HITPOINT WARNING * * *
You are confused.
You feel invigorated. The yak gores you!
You die...

#.~≈≈~........#.....#
#~~≈≈~........#.....###########
#~≈≈~~.##.##.#####'##..........
#~≈≈~..##.##'####..##..........
~~≈≈~...........#...#..........
~≈≈~~...........#...#..........
.~~≈≈~............#...#..........
.~≈≈~~...........†#...#.....(.(..
.~≈≈~#..........@Y'...'......#...
#~~~~####..###[####.###..........
#...####..###.####.###.....(....
#..........#.......#.#..........
#..........#.......#.#..........
#..........#.......#.# ........
#..........#.......'.# .......
###################### ###


You could see a yak (extremely poisoned).

Vanquished Creatures
  Grinder (D:5)
  2 yaks (D:5)
  A water moccasin (D:4)
  An ice beast (D:5)
  A black bear (D:5)
  2 scorpions
  A hound (D:5)
  A jelly (D:4)
  An orc priest (D:4)
  An iguana (D:5)
  An orc wizard (D:4)
  3 gnolls
  4 adders
  2 worms (D:2)
  4 dart slugs
  6 orcs
  4 ball pythons
  4 bats
  7 endoplasms
  2 giant cockroaches (D:4)
  2 goblins
  6 hobgoblins
  5 jackals
  11 kobolds
  2 quokkas (D:4)
  2 frilled lizards
  3 rats
80 creatures vanquished.

Notes
Turn   | Place    | Note
-------+----------+-------------------------------------------
     0 | D:1      | voltaire321 the Kobold Enchanter began the quest for the
                  | Orb.
     0 | D:1      | Reached XP level 1. HP: 10/10 MP: 3/3
    75 | D:1      | Reached XP level 2. HP: 15/15 MP: 5/5
    79 | D:1      | Learned a level 2 spell: Ensorcelled Hibernation
   247 | D:1      | Found Capeabis's Magic Scroll Shop.
   390 | D:1      | Reached XP level 3. HP: 20/20 MP: 6/6
   428 | D:1      | Bought a scroll of identify for 24 gold pieces
  1136 | D:2      | Reached XP level 4. HP: 24/24 MP: 0/7
  1266 | D:2      | Identified the +2 ring mail of Insatiable Hunger {rPois}
  1363 | D:2      | Reached skill level 1 in Ice Magic
  1367 | D:2      | Learned a level 3 spell: Confusing Touch
  1624 | D:3      | Found a burning altar of Makhleb.
  1947 | D:3      | Found a hide-covered altar of Uskayaw.
  2217 | D:4      | Reached skill level 1 in Armour
  2231 | D:4      | Reached skill level 5 in Stealth
  2380 | D:4      | Reached skill level 1 in Fighting
  2444 | D:4      | Noticed a water moccasin
  2451 | D:4      | Killed a water moccasin
  2452 | D:4      | Reached XP level 5. HP: 18/29 MP: 8/8
  2452 | D:4      | Reached XP level 6. HP: 21/34 MP: 9/9
  3261 | D:4      | Reached skill level 6 in Stealth
  3261 | D:4      | Reached XP level 7. HP: 39/39 MP: 11/11
  3283 | D:4      | Found a shimmering altar of Xom.
  3332 | D:4      | Found a radiant altar of Vehumet.
  3445 | D:4      | Found a stormy altar of Qazlal.
  3526 | D:5      | Entered Level 5 of the Dungeon
  3556 | D:5      | Found an ancient bone altar of Kikubaaqudgha.
  3667 | D:5      | Noticed Grinder
  3682 | D:5      | Killed Grinder
  3683 | D:5      | Reached XP level 8. HP: 29/45 MP: 12/12
  3788 | D:5      | Reached skill level 7 in Stealth
  3855 | D:5      | Noticed a yak
  3857 | D:5      | Noticed a yak
  3857 | D:5      | Noticed a yak
  3858 | D:5      | Killed a yak
  3942 | D:5      | Noticed Menkaure
  3998 | D:5      | Killed a yak
  4005 | D:5      | HP: 1/45 [yak (5)]
  4006 | D:5      | Slain by a yak

Illustrated notes

Levels and vault maps discovered:
D:1:      kennysheep_arrival_forest, layout_basic, serial_shops, shop
D:2:      layout_rooms, serial_bayou_crossing
D:3:      layout_rooms, mainiacjoe_overflow_boulevard, nicolae_uskayaw_suspiria
D:4:      layout_loops_corners, nicolae_vehumet_radiance, tgw_xom,
          lemuel_tele_altar
D:5:      wander_river, layout_gridville,
          grunt_temple_overflow_growth_and_decay, gammafunk_ghost_gnarly_gnolls,
          kennysheep_generic_room_16, uniq_grinder, uniq_menkaure

Skill      XL: |  1  2  3  4  5  6  7  8 |
---------------+-------------------------+-----
Short Blades   | 2 3 4 |  4.1
Ice Magic      | 1 2 |  2.7
Armour         | 1 2 3 |  3.2
Stealth        | 5 6 7 |  7.5
Fighting       | 1 2 |  2.9
Dodging        | 3 4 |  4.3
Spellcasting   | 3 |  3.6
Hexes          | 4 |  4.2

Action                     |  1- 3 |  4- 6 |  7- 9 || total
---------------------------+-------+-------+-------++-------
  Melee: Dagger            |    73 |   114 |    83 ||   270
         Punch             |       |       |     2 ||     2
   Cast: Ensorcelled Hiber |    10 |       |       ||    10
    Use: Scroll            |     1 |       |     2 ||     3
         Potion            |       |     2 |     1 ||     3
   Stab: Sleeping          |    14 |    16 |     4 ||    34
         Invisible         |       |     1 |       ||     1
 Armour: Robe              |     6 |       |       ||     6
         Ring mail         |       |    23 |    24 ||    47
  Dodge: Dodged            |    77 |    44 |    44 ||   165

Table legend: (Time is in decaauts)
 A = Elapsed time spent in this place.
 B = Non-inter-level travel time spent in this place.
 C = Inter-level travel time spent in this place.
 D = Time resting spent in this place.
 E = Time spent auto-exploring this place.
 F = Levels seen in this place.
 G = Mean time per level.
                   A        B        C        D        E       F      G
               +--------+--------+--------+--------+--------+-----+--------+
         Total |   3984 |   3847 |    137 |    586 |   2289 |   5 |  796.8 |
       Dungeon |   3984 |   3847 |    137 |    586 |   2289 |   5 |  796.8 |
               +--------+--------+--------+--------+--------+-----+--------+

Top non-repeatable levels by time:
     D:4: 1309 daAuts
     D:1: 891 daAuts
     D:2: 734 daAuts
     D:3: 582 daAuts
     D:5: 466 daAuts
